 Dungeon Crawl Stone Soup version 0.32-a0-798-gfa783ce77f (webtiles) character file.

Game seed: 14281673699243485261

2 Revguard the Ruffian (level 1, -2/15 HPs)
             Began as a Demigod Shapeshifter on Mar 21, 2024.
             Slain by a quokka (4 damage)
             ... on level 1 of the Dungeon.
             The game lasted 00:00:27 (79 turns).

Revguard the Ruffian (Demigod Shapeshifter)           Turns: 79, Time: 00:00:28

Health: -2/15      AC:  2    Str: 15    XL:     1   Next: 26%
Magic:  3/3        EV: 11    Int: 12    God:
Gold:   0          SH:  0    Dex: 13    Spells: 0/0 levels left

rFire   . .          .
                       - Unarmed
rCold   . . .        (no shield)
rNeg    . . .        a - +0 animal skin
rPois   .            (helmet currently unavailable)
rElec   .            (cloak currently unavailable)
rCorr   .            (gloves currently unavailable)
SInv    .            (boots currently unavailable)
Will    .....        (no amulet)
Stlth   +            (no ring)
HPRegen 0.22/turn    (no ring)
MPRegen 0.08/turn

%: no passive effects
@: beast-form
A: beast (slay +1), high MP 1, forlorn, divine attributes
a: Begin Untransformation


You were on level 1 of the Dungeon.
You were a hulking beast.
You visited 1 branch of the dungeon, and saw 1 of its levels.

Inventory:

Armour
 a - a +0 animal skin (worn)
Talismans
 c - a beast talisman (active)
 d - a flux talisman
Potions
 b - a potion of lignification


   Skills:
 + Level 0.9 Fighting
 + Level 1.8 Dodging
 + Level 0.1 Stealth
 + Level 2.7 Unarmed Combat
 + Level 0.1 Evocations
 + Level 2.7 Shapeshifting


You couldn't memorise any spells.
You didn't know any spells.
Your spell library was empty.

Dungeon Overview and Level Annotations

Branches:
Dungeon (1/15)


Innate Abilities, Weirdness & Mutations

You are a hulking beast.
Your limbs bulge with bestial killing power. (Slay +1)
You have an increased reservoir of magic. (+10% MP)
You shall have no god before yourself.
Your divine heritage dramatically boosts your attributes as you level up.


Message History

You kill the quokka!
A quokka comes into view.
A bat comes into view.
Found 9 gold pieces.
A goblin comes into view. It is wielding a +0 dagger.
Found a stone.
The goblin shouts!
You hear a shout!
The bat hits you but does no damage.
The quokka bites you but does no damage.
A quokka comes into view.
The bat hits you but does no damage. The quokka bites you.
You barely miss the quokka. The bat barely misses you.
The quokka closely misses you.
You barely miss the quokka. The quokka barely misses you.
You barely miss the quokka. The bat barely misses you. The bat misses you.
The quokka barely misses you.
You hit the quokka.
The quokka is almost dead.
The bat hits you but does no damage.
The quokka bites you but does no damage.
You closely miss the quokka.
The quokka is almost dead.
The bat hits you but does no damage. The quokka bites you.
The quokka misses you. The quokka bites you.
You completely miss the quokka. The bat hits you but does no damage.
The bat barely misses you. The goblin closely misses you.
The quokka barely misses you. The quokka bites you.
* * * LOW HITPOINT WARNING * * *
The quokka bites you.
* * * LOW HITPOINT WARNING * * *
The bat attacks as it pursues you! The bat hits you.
* * * LOW HITPOINT WARNING * * *
The bat hits you but does no damage. The quokka barely misses you.
The quokka attacks as it pursues you! The quokka closely misses you.
You hit the quokka but do no damage.
The quokka is severely wounded.
The bat hits you.
* * * LOW HITPOINT WARNING * * *
The bat hits you but does no damage. The quokka bites you.
You die...

... ... #.##
#...#########
#.#.(.........###
.................
########....##.#.
.#.......grr#...#.#
........###h# ###.#
#...$##.# #.b.#
..## #.#.
#.#######.....
#...#####....
####...#...... ..
###...# ... ##..#
....###..#
........##


You could see 2 quokkas, a goblin and a bat.

Vanquished Creatures
  An endoplasm (D:1)
  A quokka (D:1)
2 creatures vanquished.

Notes
Turn   | Place    | Note
-------+----------+-------------------------------------------
     0 | D:1      | Revguard the Demigod Shapeshifter began the quest for the
                  | Orb.
     0 | D:1      | Reached XP level 1. HP: 15/15 MP: 3/3
    79 | D:1      | Slain by a quokka

Illustrated notes

Levels and vault maps discovered:
D:1:      lemuel_arrival_tunnels, layout_basic

Action                     || total
---------------------------++-------
  Melee: Unarmed           ||    12
 Armour: Animal skin       ||    19
  Dodge: Dodged            ||    12

Table legend: (Time is in decaauts)
 A = Elapsed time spent in this place.
 B = Non-inter-level travel time spent in this place.
 C = Inter-level travel time spent in this place.
 D = Time resting spent in this place.
 E = Time spent auto-exploring this place.
 F = Levels seen in this place.
 G = Mean time per level.
                   A        B        C        D        E       F      G
               +--------+--------+--------+--------+--------+-----+--------+
         Total |     78 |     78 |      0 |      0 |     47 |   1 |   78.0 |
       Dungeon |     78 |     78 |      0 |      0 |     47 |   1 |   78.0 |
               +--------+--------+--------+--------+--------+-----+--------+

Top non-repeatable levels by time:
     D:1: 78 daAuts
